 Dungeon Crawl Stone Soup version 0.16.1-2-g95b8d4c (webtiles) character file.

1201 Chiseanne the Shield-Bearer (level 8, -4/64 HPs)
             Began as a Formicid Fighter on Mar 25, 2015.
             Was a Follower of Makhleb.
             Slain by an ogre
             ... wielding a +0 giant club
              (16 damage)
             ... on level 6 of the Dungeon.
             The game lasted 00:19:20 (5863 turns).

Chiseanne the Shield-Bearer (Formicid Fighter)      Turns: 5863, Time: 00:19:20

Health: -4/64      AC:  6    Str: 21    XL:     8   Next: 72%
Magic:  0/11       EV: 13    Int:  8    God:    Makhleb [*.....]
Gold:   144        SH: 11    Dex: 12    Spells: 0 memorised, 7 levels left

rFire  + . .     SeeInvis +     s - +2 hand axe (holy)
rCold  . . .     Clarity  .     q - +2 robe {rF+}
rNeg   . . .     SustAb   .     c - +1 shield (curse)
rPois  .         Gourm    .     (helmet unavailable)
rElec  .         Spirit   +     l - +0 cloak
rCorr  .         Warding  .     (no gloves)
rMut   .         Stasis   +     v - +0 pair of boots
MR     .....                    z - amulet of guardian spirit
Stlth  +.........               (no ring)
                                (no ring)

@: not resistant to hostile enchantments, very unstealthy
A: permanent stasis, dig shafts and tunnels, four strong arms, antennae 3
a: Dig, Shaft Self, Renounce Religion


You were on level 6 of the Dungeon.
You worshipped Makhleb.
Makhleb was aware of your devotion.
You were not hungry.

You visited 1 branch of the dungeon, and saw 6 of its levels.

You collected 304 gold pieces.
You spent 160 gold pieces at shops.

Inventory:

Hand weapons
 a - a +0 war axe
 m - a +0 morningstar
 s - a +2 hand axe of holy wrath (weapon)
Missiles
 b - 49 bolts
 g - 3 curare-tipped needles
 p - 10 tomahawks (quivered)
 u - 7 poisoned needles
 B - 12 poisoned sling bullets
Armour
 c - a cursed +1 shield (worn)
 l - a +0 cloak (worn)
 q - a +2 robe of fire resistance (worn)
 v - a +0 pair of boots (worn)
Jewellery
 f - an uncursed ring of ice
 z - an amulet of guardian spirit (around neck)
Scrolls
 w - a scroll of enchant armour
 x - a scroll of identify
 y - a scroll of fog
 A - a scroll of remove curse
 C - a scroll of immolation
Potions
 e - a potion of might
 i - a potion of restore abilities
 j - 2 potions of curing
 k - a potion of heal wounds
 r - a potion of mutation
 t - 2 potions of flight
Comestibles
 d - 4 bread rations
 h - 2 meat rations
 n - 4 fruits
 o - a royal jelly


   Skills:
 * Level 5.8 Fighting
 * Level 4.8 Axes
 - Level 4.3 Armour
 * Level 4.5 Dodging
 - Level 0.3 Stealth
 * Level 6.7 Shields


You had 7 spell levels left.
You didn't know any spells.

Dungeon Overview and Level Annotations

Branches:
Dungeon (6/15)             Temple (0/1) D:4

Altars:
Cheibriados
Dithmenos
Fedhas
Kikubaaqudgha
Makhleb
Zin

Shops:
D:4 !*=*   D:5 =

Portals:
Abyss: D:1***


Innate Abilities, Weirdness & Mutations

You are under a permanent stasis effect.
You can dig through walls and to a lower floor.
Your four strong arms can wield two-handed weapons with a shield.
You have a pair of large antennae on your head (SInv).


Message History

The orc wizard casts a spell at you. The magic dart hits you!
* * * LOW HITPOINT WARNING * * *
The orc hits you but does no damage. The orc barely misses you.
You block the worker ant's attack.
The orc wizard gestures at you while chanting.
The magic dart hits you!
* * * LOW HITPOINT WARNING * * *
You hit the orc!
You kill the orc!
Makhleb accepts your kill.
You barely miss the ogre.
The ogre is moderately wounded.
You hit the worker ant but do no damage.
You closely miss the orc wizard.
The orc wizard is heavily wounded.
The orc wizard hits you with a dagger.
* * * LOW HITPOINT WARNING * * *
The ogre hits you with a giant club!!
You die...

# ###### ###. .. ... ..
.... #. ..# #.#########
.###.####.##.#..<....###
..........##.#...# #....
..........##.#..)###....
#..........##.#..........
......ooaO)##.#...###....
#......)@...#.#..........
............#.###.###....
.#########.#.###..##....
......[...............
.######.#..........#.
.....#..........#)
..####..........#)
##.#............... ..##
#.#).##.........#.


You could see an ogre, a worker ant, an orc wizard and an orc.

Vanquished Creatures
  Menkaure (D:6)
  An orc warrior (D:6)
  An ice beast (D:6)
  A centaur (D:5)
  Sigmund (D:3)
  An ogre (D:4)
  A scorpion (D:6)
  A crimson imp (D:6)
  2 iguanas
  3 orc priests
  4 orc wizards
  A worker ant (D:4)
  A giant frog skeleton (D:5)
  A worker ant zombie (D:6)
  Robin (D:3)
  8 adders
  A giant mite (D:6)
  6 worms
  2 giant geckos
  30 orcs
  13 bats
  8 giant cockroaches
  14 hobgoblins
  11 kobolds
  3 ball pythons
  5 giant newts
  A giant spore (D:6)
  21 goblins
  6 jackals
  3 quokkas
  13 rats
  A ballistomycete (D:6)
167 creatures vanquished.

Vanquished Creatures (others)
  An orc priest (D:6)
  A giant gecko (D:6)
  An orc (D:6)
3 creatures vanquished.

Grand Total: 170 creatures vanquished

Notes
Turn   | Place    | Note
--------------------------------------------------------------
     0 | D:1      | Chiseanne, the Formicid Fighter, began the quest for the Orb.
     0 | D:1      | Reached XP level 1. HP: 18/18 MP: 1/1
   296 | D:1      | Reached XP level 2. HP: 24/24 MP: 3/3
   577 | D:1      | Reached XP level 3. HP: 26/30 MP: 4/4
  1108 | D:2      | Reached skill level 4 in Shields
  1272 | D:2      | Reached skill level 1 in Dodging
  1272 | D:2      | Reached XP level 4. HP: 23/37 MP: 5/5
  1861 | D:3      | Reached XP level 5. HP: 42/42 MP: 7/7
  1948 | D:3      | Reached XP level 6. HP: 15/49 MP: 8/8
  2230 | D:3      | Found a glowing silver altar of Zin.
  2554 | D:3      | Noticed Sigmund
  2574 | D:3      | Killed Sigmund
  2574 | D:3      | Reached skill level 5 in Shields
  2702 | D:3      | Noticed Robin
  2724 | D:3      | Killed Robin
  3233 | D:4      | Reached XP level 7. HP: 41/55 MP: 9/9
  3537 | D:4      | Found Kla Psee's Assorted Antiques.
  3546 | D:4      | Bought a scroll of identify for 42 gold pieces
  3546 | D:4      | Bought a glowing glass wand for 84 gold pieces
  3576 | D:4      | Found Byne Schasied's Jewellery Shop.
  3668 | D:4      | Found a staircase to the Ecumenical Temple.
  3688 | D:4      | Found a blossoming altar of Fedhas.
  3722 | D:4      | Found a snail-covered altar of Cheibriados.
  3738 | D:4      | Reached skill level 5 in Fighting
  3799 | D:4      | Found a burning altar of Makhleb.
  3799 | D:4      | Noticed an Executioner
  3806 | D:4      | Noticed a ynoxinul
  3806 | D:4      | Noticed a hellwing
  3808 | D:4      | Became a worshipper of Makhleb the Destroyer
  3888 | D:4      | Found Kevaefuq's General Store.
  3952 | D:4      | Found Immucuz's Distillery.
  3957 | D:4      | Bought a potion of decay for 12 gold pieces
  4001 | D:5      | Entered Level 5 of the Dungeon
  4379 | D:5      | Found an ancient bone altar of Kikubaaqudgha.
  4425 | D:5      | Found Gosto's Jewellery Emporium.
  4430 | D:5      | Bought a cursed -2 ring of intelligence for 22 gold pieces
  4556 | D:5      | Acquired Makhleb's first power
  4572 | D:5      | Found a shadowy altar of Dithmenos.
  4912 | D:6      | Reached XP level 8. HP: 32/62 MP: 11/11
  4912 | D:6      | Reached skill level 6 in Shields
  5816 | D:6      | Noticed Menkaure
  5824 | D:6      | Killed Menkaure
  5863 | D:6      | Slain by an ogre

Action                   |  1- 3 |  4- 6 |  7- 9 || total
-------------------------+-------+-------+-------++-------
Melee: War axe           |    94 |   107 |       ||   201
       Hand axe          |       |    96 |   250 ||   346
 Abil: Dig               |     4 |    21 |    13 ||    38
  Use: Scroll            |     4 |     6 |     6 ||    16
       Potion            |       |       |     1 ||     1
  Eat: Chunk             |     1 |     9 |    10 ||    20
